 Dungeon Crawl Stone Soup version 0.21.0-25-ge575cb9 (webtiles) character file.

523 nikopol the Shield-Bearer (level 7, -3/44 HPs)
             Began as a Gargoyle Fighter on Jan 23, 2018.
             Killed by divine providence
             ... invoked by an orc priest
              (12 damage)
             ... on level 4 of the Dungeon.
             The game lasted 00:05:32 (3067 turns).

nikopol the Shield-Bearer (Gargoyle Fighter)        Turns: 3067, Time: 00:05:33

Health: -3/44      AC: 11    Str: 20    XL:     7   Next: 22%
Magic:  7/7        EV:  9    Int:  9    God:
Gold:   247        SH:  9    Dex: 10    Spells: 6/6 levels left

rFire    . . .     SeeInvis +   a - +0 war axe
rCold    . . .     Gourm    .   c - +0 shield
rNeg     + + .     Faith    .   p - +1 ring mail {rN+}
rPois    ∞         Spirit   .   (no helmet)
rElec    +         Reflect  .   (no cloak)
rCorr    .         Harm     .   (no gloves)
MR       .....                  (no boots)
Stlth    +.........             (no amulet)
HPRegen  0.14/turn              i - ring of flight
MPRegen  0.10/turn              q - ring of see invisible

@: no status effects
A: negative energy resistance 1, electricity resistance, unbreathing,
petrification resistance, rot immunity, AC +4
a: Evoke Flight


You were on level 4 of the Dungeon.
You were not hungry.

You visited 1 branch of the dungeon, and saw 4 of its levels.

You collected 247 gold pieces.

Inventory:

Hand Weapons
 a - a +0 war axe (weapon)
Armour
 c - a +0 shield (worn)
 p - a +1 ring mail of positive energy (worn)
Jewellery
 i - a ring of flight (left hand)
 q - a ring of see invisible (right hand)
Wands
 u - a wand of flame (28)
 v - a wand of paralysis (10)
Scrolls
 g - a scroll of blinking {unknown}
 h - 4 scrolls of identify {unknown}
 m - 3 scrolls of amnesia {unknown}
 o - a scroll of immolation {unknown}
 s - a scroll of enchant armour {unknown}
 t - a scroll of teleportation {unknown}
Potions
 d - a potion of might
 e - a potion of brilliance {unknown}
 j - a potion of degeneration {unknown}
 k - 2 potions of flight {unknown}
 l - 2 potions of curing {unknown}
 n - a potion of cancellation {unknown}
 r - a potion of resistance {unknown}
Comestibles
 b - 3 chunks of flesh
 f - 8 rations


   Skills:
 + Level 4.3 Fighting
 + Level 4.5 Axes
 + Level 4.6 Armour
 + Level 1.1 Dodging
 + Level 1.2 Stealth
 + Level 5.0 Shields


You had 6 spell levels left.
You didn't know any spells.

Dungeon Overview and Level Annotations

Branches:
Dungeon (4/15)
 Temple: D:4-7

Altars:
Uskayaw
Xom
Zin


Innate Abilities, Weirdness & Mutations

You are resistant to torment.
Your stone body is resilient. (AC +4)
You are immune to poison.
You resist negative energy. (rN+)
You are resistant to electric shocks. (rElec)
You can survive without breathing.
You are immune to petrification.
You are immune to rotting.


Message History

You are too injured to fight recklessly!
You are too injured to fight recklessly!
You are too injured to fight recklessly!
You are too injured to fight recklessly!
You are too injured to fight recklessly!
You are too injured to fight recklessly!
You are too injured to fight recklessly!
You are too injured to fight recklessly!
You are too injured to fight recklessly!
You are too injured to fight recklessly!
You are too injured to fight recklessly!
Your shield prevents you from hitting the orc wizard.
The orc wizard hits you but does no damage.
The orc priest mumbles some strange prayers to Beogh against you.
Beogh smites you!
* * * LOW HITPOINT WARNING * * *
You closely miss the orc.
The orc priest calls down the wrath of Beogh upon you.
Beogh smites you!
You die...

..#####.#####.###.....
..#................#
..#.###.######.##.##
..#.(.....###<.##.#
.##...............#
.##.###...###..####
.##.# ##..# #..# .##.#
#.## #..####.###.
.##.####.# #...@ooo....
.##[.....####.#####.####
...............
###...........#
.[.......######
###...........
##..........
####....###### .#.#†#..#


You could see an orc priest, an orc wizard and an orc.

Vanquished Creatures
  A phantom (D:4)
  An ogre (D:4)
  A hound (D:4)
  2 orc wizards (D:4)
  Jessica (D:3)
  Natasha (D:2)
  An iguana (D:4)
  7 adders
  3 gnolls (D:3)
  2 worms (D:3)
  5 dart slugs
  3 leopard geckos
  9 orcs
  8 bats
  5 giant cockroaches
  5 goblins
  8 hobgoblins
  3 jackals (D:1)
  A quokka (D:3)
  2 frilled lizards
  3 kobolds
  12 rats
  A bush (D:2)
85 creatures vanquished.

Notes
Turn   | Place    | Note
-------+----------+-------------------------------------------
     0 | D:1      | nikopol the Gargoyle Fighter began the quest for the Orb.
     0 | D:1      | Reached XP level 1. HP: 14/14 MP: 1/1
   106 | D:1      | Reached XP level 2. HP: 13/19 MP: 2/2
   378 | D:1      | Reached XP level 3. HP: 22/23 MP: 3/3
   668 | D:2      | Noticed Natasha
   681 | D:2      | Killed Natasha
   681 | D:2      | Reached XP level 4. HP: 8/29 MP: 4/4
  1288 | D:2      | Found a glowing silver altar of Zin.
  1289 | D:2      | Found a shimmering altar of Xom.
  1291 | D:2      | Found a hide-covered altar of Uskayaw.
  1383 | D:2      | Reached skill level 4 in Shields
  1773 | D:3      | Reached XP level 5. HP: 27/33 MP: 5/5
  1779 | D:3      | Noticed Jessica
  1784 | D:3      | Killed Jessica
  2006 | D:3      | Reached XP level 6. HP: 34/38 MP: 6/6
  2827 | D:4      | Noticed a phantom
  2994 | D:4      | Reached skill level 1 in Dodging
  2994 | D:4      | Reached skill level 1 in Stealth
  3046 | D:4      | Killed a phantom
  3046 | D:4      | Reached skill level 5 in Shields
  3046 | D:4      | Reached XP level 7. HP: 38/44 MP: 7/7
  3067 | D:4      | Killed from afar by an orc priest

Skill      XL: |  1  2  3  4  5  6 |
---------------+-------------------+-----
Axes           | 2 3 4 |  4.5
Shields        | 4 5 |  5.0
Fighting       | 4 |  4.3
Armour         | 4 |  4.6
Dodging        | 1 |  1.1
Stealth        | 1 |  1.2

Action                   |  1- 3 |  4- 6 |  7- 9 || total
-------------------------+-------+-------+-------++-------
Melee: War axe           |    80 |   246 |     6 ||   332
  Eat: Chunk             |       |     8 |       ||     8
Armor: Scale mail        |    76 |    60 |       ||   136
       Ring mail         |       |    20 |     2 ||    22
Dodge: Dodged            |    37 |    73 |     2 ||   112
Block: Shield            |    52 |    97 |     3 ||   152
